 Dungeon Crawl Stone Soup version 0.27-a0-860-gaf99fae3ca (webtiles) character file.

Game seed: 8186961259020128055

23942 jasper the Thaumaturge (level 12, -6/63 HPs)
             Began as a Spriggan Venom Mage on Apr 1, 2021.
             Was a High Priest of Vehumet.
             Mangled by a six-headed hydra (7 damage)
             ... on level 2 of the Lair of Beasts.
             The game lasted 00:34:31 (17081 turns).

jasper the Thaumaturge (Spriggan Venom Mage)       Turns: 17081, Time: 00:34:31

Health: -6/63      AC:  8    Str:  4    XL:     12   Next: 76%
Magic:  3/30       EV: 28    Int: 24    God:    Vehumet [*****.]
Gold:   684        SH:  0    Dex: 23    Spells: 12/37 levels left

rFire    + . .     SeeInvis +   c - staff of poison
rCold    . . .     Faith    +   (shield currently unavailable)
rNeg     . . .     Spirit   .   j - +5 robe of Night {Dark Will+ SInv}
rPois    +         Reflect  .   h - +1 hat
rElec    .         Harm     .   (no cloak)
rCorr    .         Rampage  .   (gloves unavailable)
Will     +++++                  (boots unavailable)
Stlth    ++++......             y - amulet "Wune Kuso" {Faith rF+ Will+}
HPRegen  0.20/turn              p - ring of willpower
MPRegen  0.22/turn              w - ring of Xynuschisk {*Slow rPois Int+4 Dex+6 Stlth+}

@: very quick
A: very small, no large weapons, unfitting armour, see invisible, speed 3
a: Renounce Religion


You were on level 2 of the Lair of Beasts.
You worshipped Vehumet.
Vehumet was extremely pleased with you.
You visited 3 branches of the dungeon, and saw 15 of its levels.
You also visited: Sewer.

You collected 820 gold pieces.
You spent 136 gold pieces at shops.

Inventory:

Hand Weapons
 b - a +1 club
Missiles
 E - a curare-tipped dart
Armour
 a - a +0 robe
 h - a +1 hat (worn)
 j - the +5 robe of Night (worn) {Dark Will+ SInv}
   (You acquired it on level 2 of the Dungeon)

   It lets you see invisible.
   It increases your willpower.
 k - a +0 buckler
Magical Staves
 c - a staff of poison (weapon)
 m - a staff of fire
Jewellery
 g - an amulet of magic regeneration
 p - a ring of willpower (left hand)
 s - a +4 ring of evasion
 w - the ring of Xynuschisk (right hand) {*Slow rPois Int+4 Dex+6 Stlth+}
   (You found it on level 5 of the Dungeon)

   [ring of dexterity]

   It affects your intelligence (+4).
   It affects your dexterity (+6).
   It protects you from poison.
   It may slow you when you take damage.
   It makes you more stealthy.
 y - the amulet "Wune Kuso" (around neck) {Faith rF+ Will+}
   (You found it on level 6 of the Dungeon)

   [amulet of faith]

   It allows you to gain divine favour quickly.
   It protects you from fire.
   It increases your willpower.
 J - a ring of willpower
 O - a ring of see invisible
Wands
 f - a wand of iceblast (11)
 l - a wand of charming (18)
 C - a wand of paralysis (17)
 F - a wand of acid (6)
 H - a wand of polymorph (21)
Scrolls
 e - 6 scrolls of teleportation
 o - a scroll of immolation
 z - a scroll of identify
 D - a scroll of magic mapping
 G - a scroll of blinking
 L - a scroll of enchant armour
 M - a scroll of fog
 N - 5 scrolls of fear
Potions
 d - 3 potions of brilliance
 i - 5 potions of attraction
 n - 2 potions of might
 q - a potion of invisibility
 r - a potion of cancellation
 t - 3 potions of degeneration
 u - a potion of ambrosia
 v - a potion of berserk rage
 x - 3 potions of flight
 A - a potion of haste
 B - 2 potions of curing {unknown}
 K - a potion of mutation {unknown}


   Skills:
 + Level 7.5 Fighting
 + Level 11.1 Dodging
 - Level 3.0 Stealth
 - Level 4.0 Shields
 - Level 13.4 Spellcasting
 * Level 9.7 Conjurations
 - Level 5.0 Transmutations
 - Level 3.0 Fire Magic
 * Level 5.6 Air Magic
 - Level 5.0 Poison Magic


You had 12 spell levels left.
You knew the following spells:

 Your Spells              Type           Power      Damage    Failure   Level
a - Sting                 Tmut/Pois      100%       1d8       1%          1
b - Ignite Poison         Fire/Tmut/Pois 53%        N/A       1%          3
c - Mephitic Cloud        Conj/Pois/Air  65%        N/A       1%          3
d - Olgreb's Toxic Radia  Pois           56%        N/A       1%          4
e - Animate Skeleton      Necr           32%        N/A       3%          1
f - Searing Ray           Conj           100%       3d7       1%          2
g - Conjure Flame         Conj/Fire      46%        6-21      1%          3
h - Inner Flame           Hex/Fire       23%        N/A       1%          3
i - Lightning Bolt        Conj/Air       26%        1d42      1%          5

Your spell library contained the following spells:

 Spells                   Type           Power      Damage    Failure   Level
 Poisonous Vapours        Pois/Air       100%       N/A       1%          2
 Pain                     Necr           64%        1d7       3%          1
 Vampiric Draining        Necr           8%         2d7       11%         3
 Animate Dead             Necr           8%         N/A       36%         4
 Agony                    Necr           16%        N/A       71%         5


Dungeon Overview and Level Annotations

Branches:
Dungeon (11/15)            Temple (1/1) D:5            Lair (3/6) D:10
 Shoals (0/4) Lair:2        Snake (0/4) Lair:2        Sewer (visited)
    Orc: D:9-12

Altars:
Cheibriados
Dithmenos
Elyvilon
Fedhas
Gozag
Hepliaklqana
Makhleb
Nemelex Xobeh
Qazlal
Ru
Sif Muna
Trog
Uskayaw
Vehumet
Wu Jian
Xom
Zin
The Shining One

Shops:
D:1 (   D:8 *   D:10 [

Annotations:
D:4 2 transporters
D:5 1 runed translucent door, Grognak's ghost, novice TrCK
D:6 1 runed translucent door


Innate Abilities, Weirdness & Mutations

You are very small and have problems with some larger weapons.
You are too small for most types of armour.
You have supernaturally acute eyesight. (SInv)
You cover ground extremely quickly. (Speed+++)


Message History

Aiming: Sting (safe; 1% risk of failure)
Press: ? - help, Q - select action, (/) - cycle Shift-Dir - straight line, f/p - komodo dragon
Aim: a komodo dragon (heavily wounded, poisoned, 16% to evade)
You feel a surge of power!
The sting hits the komodo dragon but does no damage.
The komodo dragon looks even sicker.
The komodo dragon is heavily wounded.
The komodo dragon misses you.
You now have 1/30 mp.
The komodo dragon completely misses you.
You climb upwards.
There is a stone staircase leading down here.
Aiming: Sting (safe; 1% risk of failure)
Press: ? - help, Q - select action, (/) - cycle Shift-Dir - straight line, f - komodo dragon
Aim: a komodo dragon (heavily wounded, poisoned, 16% to evade)
You feel a surge of power!
The sting hits the komodo dragon!
The komodo dragon looks even sicker.
The komodo dragon is severely wounded.
You hit the komodo dragon but do no damage.
You envenom the komodo dragon.
The komodo dragon looks even sicker.
The komodo dragon is severely wounded.
The komodo dragon bites you!!
You take 24 damage, and have 39/63 hp.
MASSIVE DAMAGE!!
You hit the komodo dragon but do no damage.
The komodo dragon is severely wounded.
The komodo dragon bites you!!
* * * LOW HITPOINT WARNING * * *
You hear a roar!
You take 28 damage, and have 11/63 hp.
MASSIVE DAMAGE!!
You hit the komodo dragon but do no damage.
The komodo dragon is severely wounded.
The komodo dragon closely misses you.
A six-headed hydra comes into view.
The six-headed hydra completely misses you. x2
The six-headed hydra bites you.
* * * LOW HITPOINT WARNING * * *
The six-headed hydra misses you. The six-headed hydra bites you.
* * * LOW HITPOINT WARNING * * *
The six-headed hydra bites you!
You die...

#.........###....##
#...#..........##..
##.##.#........##..
#.####.....#.....>
#.# ##...#####....
##l# #...## ##...
#P.# ##..# #...#
##.###...## ##..^#
##@D##....# #...##
#.........# #...#
##........# #...#
#.......## ##...#
#..##.#..###....#
##...###.#.#....##
#...####........#
##..##.........##
#..............#


You could see a six-headed hydra and a komodo dragon (very poisoned).

Vanquished Creatures
  A boulder beetle (Lair:1)
  2 hydras
  2 two-headed ogres
  Urug (D:10)
  5 elephants
  A merfolk siren (Lair:2)
  2 black mambas (Lair:2)
  5 torpor snails (Lair:2)
  7 cane toads
  3 komodo dragons
  A rime drake (Lair:1)
  Maggie (D:10)
  A kobold demonologist (D:10)
  A troll (D:9)
  A polar bear (Lair:1)
  3 blink frogs (Lair:2)
  A shadow (D:5)
  21 yaks
  A basilisk (Lair:3)
  A steam dragon (D:6)
  2 wargs (D:10)
  11 water moccasins
  Duvessa (D:6)
  5 orc warriors
  A sky beast (D:3)
  8 ice beasts (Lair:2)
  A black bear (D:8)
  16 wolves
  2 necrophages
  2 ogres
  3 centaurs
  A kobold brigand (D:8)
  5 bullfrogs
  A gnoll sergeant (D:10)
  3 scorpions
  2 wyvern zombies (D:7)
  Dowan (D:6)
  A water moccasin zombie (D:5)
  10 killer bees
  8 wights
  A howler monkey (D:6)
  3 centaur zombies
  5 hounds
  3 jellies
  10 orc priests
  A gnoll shaman (D:8)
  3 iguanas
  A centaur skeleton (D:7)
  13 orc wizards
  A hound zombie (D:5)
  8 gnolls
  A river rat (D:3)
  12 adders
  A white imp (D:5)
  An ufetubus (D:5)
  An adder zombie (D:5)
  A worm (D:3)
  30 orcs
  9 ball pythons
  6 bats
  3 endoplasms
  5 giant cockroaches
  5 goblins
  9 hobgoblins
  6 jackals
  A quokka (D:5)
  3 frilled lizards
  13 kobolds
  7 rats
308 creatures vanquished.

Vanquished Creatures (collateral kills)
  A howler monkey zombie (D:7)
1 creature vanquished.

Vanquished Creatures (others)
  13 fungi
  41 plants
  4 toadstools (D:1)
58 creatures vanquished.

Grand Total: 367 creatures vanquished

Notes
Turn   | Place    | Note
-------+----------+-------------------------------------------
     0 | D:1      | jasper the Spriggan Venom Mage began the quest for the Orb.
     0 | D:1      | Reached XP level 1. HP: 9/9 MP: 5/5
   385 | D:1      | Found Pecwel's Antique Weapon Emporium.
   400 | D:1      | Reached XP level 2. HP: 13/13 MP: 3/6
   751 | D:1      | Identified a scroll of acquirement
   751 | D:1      | Acquired a staff of poison
  1134 | D:2      | Reached XP level 3. HP: 16/16 MP: 4/8
  1176 | D:2      | Learned a level 3 spell: Ignite Poison
  1394 | D:2      | Acquired the +5 robe of Night {Dark Will+ SInv}
  1395 | D:2      | Found the +5 robe of Night {Dark Will+ SInv}
  1416 | D:2      | Reached skill level 3 in Spellcasting
  1427 | D:2      | Learned a level 3 spell: Mephitic Cloud
  1561 | D:2      | Found a sparkling altar of Nemelex Xobeh.
  1789 | D:3      | Reached XP level 4. HP: 21/21 MP: 10/10
  1867 | D:3      | Noticed a sky beast
  1890 | D:3      | Killed a sky beast
  1891 | D:3      | Reached skill level 4 in Spellcasting
  1891 | D:3      | Reached skill level 1 in Fire Magic
  1891 | D:3      | Reached skill level 1 in Air Magic
  1891 | D:3      | Reached XP level 5. HP: 24/24 MP: 7/12
  1896 | D:3      | Learned a level 4 spell: Olgreb's Toxic Radiance
  1898 | D:3      | Learned a level 1 spell: Animate Skeleton
  2052 | D:3      | Found a white marble altar of Elyvilon.
  2346 | D:3      | Reached skill level 5 in Transmutations
  2417 | D:3      | Found a glowing drain.
  2424 | Sewer    | Entered a sewer
  2506 | Sewer    | Noticed a water moccasin
  2511 | Sewer    | Killed a water moccasin
  2512 | Sewer    | Reached skill level 5 in Spellcasting
  2512 | Sewer    | Reached XP level 6. HP: 28/28 MP: 8/14
  2936 | D:4      | Reached skill level 6 in Spellcasting
  3079 | D:4      | Found a transporter.
  3143 | D:4      | Found a transporter.
  3228 | D:4      | Reached XP level 7. HP: 30/32 MP: 11/17
  3444 | D:4      | Found a large runed translucent door.
  3444 | D:4      | Found a large runed translucent door.
  4023 | D:4      | Found a glowing golden altar of the Shining One.
  4028 | D:4      | Found a shimmering altar of Xom.
  4410 | D:5      | Entered Level 5 of the Dungeon
  4860 | D:5      | Found a runed translucent door.
  4985 | D:5      | Noticed a shadow
  5051 | D:5      | Reached skill level 7 in Spellcasting
  5082 | D:5      | Killed a shadow
  5338 | D:5      | Identified the +6 dagger "Cayrch" {vorpal, rPois Str+4
                  | Dex+4}
  5365 | D:5      | Found a staircase to the Ecumenical Temple.
  5371 | Temple   | Entered the Ecumenical Temple
  5529 | Temple   | Became a worshipper of Vehumet
  5572 | D:5      | Identified the ring of Xynuschisk {*Slow rPois Int+4 Dex+6
                  | Stlth+}
  5714 | D:5      | Reached XP level 8. HP: 36/36 MP: 16/19
  5892 | D:5      | Noticed Grognak's ghost (novice TrCK)
  6137 | D:6      | Found a bloodstained altar of Trog.
  6141 | D:6      | Identified the amulet "Wune Kuso" {Faith rF+ Will+}
  6283 | D:6      | Reached skill level 1 in Fighting
  6337 | D:6      | Noticed Dowan
  6338 | D:6      | Noticed Duvessa
  6352 | D:6      | Killed Dowan
  6356 | D:6      | Killed Duvessa
  6529 | D:6      | Reached skill level 5 in Dodging
  6724 | D:6      | Found a sacrificial altar of Ru.
  6734 | D:6      | Reached XP level 9. HP: 41/44 MP: 14/20
  6882 | D:6      | Reached * piety under Vehumet
  6882 | D:6      | Offered knowledge of Shock by Vehumet.
  6883 | D:6      | Reached skill level 5 in Poison Magic
  7311 | D:6      | Found a runed translucent door.
  7514 | D:7      | Reached skill level 8 in Spellcasting
  7936 | D:7      | Reached ** piety under Vehumet
  7949 | D:7      | Offered knowledge of Searing Ray by Vehumet.
  7953 | D:7      | Learned a level 2 spell: Searing Ray
  8375 | D:7      | Reached skill level 9 in Spellcasting
  8375 | D:7      | Reached skill level 1 in Conjurations
  8924 | D:8      | Offered knowledge of Conjure Flame by Vehumet.
  8931 | D:7      | Learned a level 3 spell: Conjure Flame
  9291 | D:8      | Reached XP level 10. HP: 51/51 MP: 17/24
  9489 | D:8      | Found Opefua's General Store.
  9492 | D:8      | Bought a scroll of enchant armour for 97 gold pieces
  9492 | D:8      | Bought a scroll of teleportation for 39 gold pieces
  9603 | D:8      | Reached *** piety under Vehumet
  9637 | D:8      | Found a hazy altar of Hepliaklqana.
 10050 | D:9      | Found a blossoming altar of Fedhas.
 10061 | D:9      | Reached skill level 10 in Spellcasting
 10061 | D:9      | Found a burning altar of Makhleb.
 10503 | D:9      | Found a sparkling altar of Nemelex Xobeh.
 10504 | D:9      | Found an opulent altar of Gozag.
 10789 | D:10     | Entered Level 10 of the Dungeon
 10837 | D:10     | Noticed a two-headed ogre
 10847 | D:10     | Killed a two-headed ogre
 10939 | D:10     | Reached skill level 5 in Fighting
 11055 | D:10     | Offered knowledge of Inner Flame by Vehumet.
 11063 | D:10     | Learned a level 3 spell: Inner Flame
 11217 | D:10     | Found a staircase to the Lair.
 11222 | D:10     | Found a stormy altar of Qazlal.
 11251 | D:10     | Noticed Urug
 11284 | D:10     | Killed Urug
 11285 | D:10     | Reached skill level 5 in Conjurations
 11382 | D:10     | Noticed Maggie
 11393 | D:10     | Killed Maggie
 11631 | D:10     | Found Buelop's Antique Armour Shoppe.
 11916 | D:10     | Reached **** piety under Vehumet
 11917 | D:10     | Reached XP level 11. HP: 44/56 MP: 14/26
 12007 | D:11     | Noticed a boulder beetle
 12010 | D:10     | Reached skill level 11 in Spellcasting
 12084 | D:11     | Noticed a two-headed ogre
 12090 | D:11     | Offered knowledge of Sticky Flame by Vehumet.
 12110 | D:11     | Killed a two-headed ogre
 12131 | D:11     | Noticed a four-headed hydra
 12181 | Lair:1   | Entered Level 1 of the Lair of Beasts
 12606 | Lair:1   | Noticed a boulder beetle
 12628 | Lair:1   | Killed a boulder beetle
 12753 | Lair:1   | Reached skill level 12 in Spellcasting
 13849 | Lair:2   | Noticed a five-headed hydra
 13975 | Lair:2   | Found a shimmering altar of Xom.
 14105 | Lair:2   | Reached skill level 13 in Spellcasting
 14142 | Lair:2   | Found a staircase to the Snake Pit.
 14174 | Lair:2   | Reached ***** piety under Vehumet
 14250 | Lair:2   | Offered knowledge of Lightning Bolt by Vehumet.
 14251 | Lair:2   | Reached skill level 10 in Dodging
 14252 | Lair:2   | Reached XP level 12. HP: 34/62 MP: 23/30
 14319 | Lair:2   | Learned a level 5 spell: Lightning Bolt
 14693 | Lair:2   | Killed a five-headed hydra
 15967 | Lair:2   | Found a snail-covered altar of Cheibriados.
 16424 | Lair:2   | Found a staircase to the Shoals.
 16537 | Lair:3   | Noticed an eight-headed hydra
 16541 | Lair:3   | Killed an eight-headed hydra
 16684 | Lair:3   | Reached skill level 5 in Air Magic
 17079 | Lair:2   | Noticed a six-headed hydra
 17081 | Lair:2   | HP: 1/63 [six-headed hydra (5)]
 17081 | Lair:2   | Mangled by a six-headed hydra

Illustrated notes

Levels and vault maps discovered:
D:1:      ldierk_water_garden, layout_basic, serial_shops, nicolae_shop_stone,
          minmay_misc_feat_columns
D:2:      layout_basic, basic_altar
D:3:      layout_loops_cross, general_overflow_altar, portal_sewer_entry_e,
          kennysheep_generic_room_8
D:4:      gammafunk_steamed_eel, layout_basic, jmf_multi_god_temple2
D:5:      minmay_inner_zag, layout_cave_pods, temple_green,
          ebering_ghost_reflecting_pool, dk_rats_in_the_wall
D:6:      layout_rooms, ebering_ghost_reflecting_pool, hangedman_decor_opposing,
          hangedman_feature_mirror, uniq_duvessa
D:7:      layout_rooms, minmay_manual_monstrance
D:8:      layout_cave_pools, nzn_hepliaklqana_mist_gate, serial_shops,
          nicolae_shop_behind_doors, st_stairs_11
D:9:      layout_loops_ring, grunt_temple_overflow_opulence,
          chequers_temple_overflow_statue_of_worship
D:10:     layout_loops_ring, nicolae_qazlal_scattered_showers,
          erik_lair_orcish_takeover, serial_shops, kennysheep_mini_moat,
          corexii_leaking_fountain, uniq_maggie, uniq_urug
D:11:     layout_big_octagon, david_orc_5, serial_glass, glass_columns_b,
          glass_columns_b, glass_columns_c, glass_columns_a, glass_columns_a,
          glass_columns_b, glass_columns_c, glass_columns_c, glass_columns_a,
          glass_columns_a, due_unseen_surprise, item_on_display_a,
          feat_on_display, feat_on_display, minmay_misc_feat_encased,
          uniq_erica, uniq_maurice
Temple:   nicolae_temple_figure_eight
Lair:1:   layout_loops_ring, nzn_sisyphean_effort, grunt_megastairs_4,
          serial_bayou_shore_b, infiniplex_staircase_pool
Lair:2:   layout_small_grid, minmay_shoals_entry_lonely_mermaid,
          minmay_snake_entry_six_corridors, portal_ice_cave_entry_ice_beasts,
          basic_altar, kennysheep_snail_temple, serial_bayou_shore_a
Lair:3:   layout_roguey, grunt_megastairs_5

Skill      XL: |  1  2  3  4  5  6  7  8  9 10 11 12 |
---------------+-------------------------------------+-----
Transmutations | 2 4 5 |  5.0
Spellcasting   | 3 4 5 6 7 9 10 13 | 13.4
Fire Magic     | 1 2 3 |  3.0
Air Magic      | 1 2 3 5 |  5.6
Shields        | 2 3 4 |  4.0
Dodging        | 5 7 8 10 11 | 11.1
Fighting       | 3 4 5 6 7 |  7.5
Poison Magic   | 4 5 |  5.0
Conjurations   | 2 7 8 9 |  9.7
Stealth        | |  3.0

Action                   |  1- 3 |  4- 6 |  7- 9 | 10-12 || total
-------------------------+-------+-------+-------+-------++-------
Melee: Club              |     1 |       |       |       ||     1
       Staff             |     7 |     2 |    69 |    10 ||    88
 Cast: Sting             |    68 |    84 |   262 |   190 ||   604
       Mephitic Cloud    |       |     3 |    35 |    22 ||    60
       Ignite Poison     |       |     2 |    26 |    30 ||    58
       Animate Skeleton  |       |       |     2 |     1 ||     3
       Searing Ray       |       |       |     1 |    43 ||    44
       Olgreb's Toxic Ra |       |       |     1 |    25 ||    26
       Inner Flame       |       |       |       |     5 ||     5
       Conjure Flame     |       |       |       |     5 ||     5
       Lightning Bolt    |       |       |       |    29 ||    29
Evoke: Wand              |     1 |       |     2 |     5 ||     8
  Use: Scroll            |     7 |     5 |       |    12 ||    24
       Potion            |       |       |       |     1 ||     1
 Stab: Paralysed         |       |       |     2 |       ||     2
       Sleeping          |       |       |     1 |       ||     1
Armor: Robe              |     2 |    10 |    49 |    38 ||    99
Dodge: Dodged            |    31 |    28 |   230 |   365 ||   654

Table legend: (Time is in decaauts)
 A = Elapsed time spent in this place.
 B = Non-inter-level travel time spent in this place.
 C = Inter-level travel time spent in this place.
 D = Time resting spent in this place.
 E = Time spent auto-exploring this place.
 F = Levels seen in this place.
 G = Mean time per level.
                   A        B        C        D        E       F      G
               +--------+--------+--------+--------+--------+-----+--------+
         Total |  13753 |  13374 |    379 |   3601 |   7631 |  16 |  859.6 |
       Dungeon |   9291 |   9062 |    229 |   2240 |   5307 |  11 |  844.6 |
        Temple |    112 |     89 |     23 |      0 |     86 |   1 |  112.0 |
          Lair |   4226 |   4099 |    127 |   1361 |   2144 |   3 | 1408.7 |
         Sewer |    122 |    122 |      0 |      0 |     93 |   1 |  122.0 |
               +--------+--------+--------+--------+--------+-----+--------+

Top non-repeatable levels by time:
  Lair:2: 2335 daAuts
  Lair:1: 1777 daAuts
     D:7: 1296 daAuts
     D:5: 1147 daAuts
     D:4: 1054 daAuts
     D:6: 1010 daAuts
     D:3: 928 daAuts
    D:10: 923 daAuts
     D:9: 738 daAuts
     D:2: 709 daAuts
     D:8: 708 daAuts
     D:1: 587 daAuts
    D:11: 186 daAuts
   Sewer: 122 daAuts
  Temple: 112 daAuts
